Map: Ulrena

Players

zidar - Winner!

  • Race: Zerg Zerg
  • League: Silver
  • Spawn Location: 7:00

SaferServer

  • Race: Protoss Protoss
  • League: Silver
  • Spawn Location: 11:00

VOD

Have the link to the VOD?

Description

Time

  • Played on: Jan. 18, 2016, 12:47 p.m.
  • Length: 12:54
Show
View Real Time Build Order
Export as new Build Order

zidar Zerg - Winner!

Build Orders: Pool First 

Get SALT Encoding   

  12  0:02  Drone  
  13  0:12  Overlord  
  13  0:17  Drone  
  14  0:33  Drone x2  
  14  0:34  Drone  
  17  0:46  Spawning Pool  
  16  0:50  Drone  
  16  0:54  Extractor  
  16  0:56  Drone  
  17  1:24  Hatchery  
  16  1:26  Drone  
  17  1:59  Hatchery  
  16  2:02  Drone  
  16  2:05  Queen  
  19  2:19  Drone x3  
  22  2:38  Zergling x2  
  22  2:39  Queen  
  25  2:46  Queen  
  27  3:00  Overlord x2  
  27  3:27  Drone x8  
  35  3:36  Extractor  
  35  3:41  Roach Warren  
  33  3:47  Metabolic Boost  
  33  3:53  Lair  
  31  4:10  Spore Crawler  
  31  4:16  Spore Crawler  
  29  4:21  Drone x8  
  37  4:45  Drone x3  
  40  4:48  Drone  
  40  4:50  Overlord x2  
  40  4:51  Overlord  
  41  5:02  Overlord  
  41  5:03  Overlord  
  41  5:11  Hydralisk Den  
  40  5:16  Drone x4  
  40  5:19  Evolution Chamber  
  40  5:20  Evolution Chamber  
  42  5:45  Spore Crawler  
  42  5:47  Hydralisk  
  42  5:48  Hydralisk x7  
  55  6:09  Hydralisk  
  55  6:10  Hydralisk x4  
  63  6:43  Queen  
  65  6:51  Hydralisk  
  65  6:52  Hydralisk x3  
  73  7:02  Drone  
  73  7:03  Drone x7  
  81  7:09  Extractor  
  81  7:11  Extractor  
  45  7:52  Zergling x2  
  45  7:53  Zergling x28  
  60  8:07  Zerg Ground Armor Level 1, Zerg Melee Weapons Level 1  
  60  8:17  Extractor  
  59  8:21  Extractor  
  50  8:44  Zergling x30  
  50  8:45  Zergling x2  
  59  9:17  Drone  
  59  9:18  Drone x12  
  71  9:40  Lurker Den, Infestation Pit  
  55  10:47  Hive  
  55  10:49  Hydralisk x3  
  57  10:50  Hydralisk x6  
  57  10:54  Overlord  
  57  10:55  Overlord x3  
  57  10:56  Overlord x2  
  73  11:05  Drone  
  74  11:17  Muscular Augments  
  74  11:25  Hydralisk  
  74  11:26  Hydralisk x13  
  74  11:28  Zergling x2  
  74  11:29  Zergling x20  
  95  12:15  Zergling x20  
Show
View Real Time Build Order
Export as new Build Order

SaferServer Protoss 

Build Orders: Phoenix Opening 

Get SALT Encoding   

  12  0:01  Probe (Chrono Boost)  
  13  0:12  Probe (Chrono Boost)  
  14  0:19  Pylon  
  14  0:22  Probe (Chrono Boost)  
  15  0:36  Assimilator  
  15  0:43  Gateway  
  15  0:45  Probe (Chrono Boost)  
  16  0:53  Assimilator  
  16  0:56  Probe (Chrono Boost)  
  17  1:09  Probe (Chrono Boost)  
  18  1:23  Probe (Chrono Boost)  
  19  1:31  Cybernetics Core  
  19  1:34  Probe (Chrono Boost)  
  19  1:36  Pylon  
  20  1:45  Probe (Chrono Boost)  
  21  1:52  Pylon  
  21  2:05  Probe (Chrono Boost)  
  22  2:08  Stalker  
  25  2:15  Probe (Chrono Boost)  
  25  2:32  Nexus  
  25  2:37  Pylon  
  25  2:42  Mothership Core (Chrono Boost)  
  27  2:50  Stargate  
  27  2:55  Adept (Chrono Boost)  
  29  3:09  Stargate  
  29  3:22  Adept (Chrono Boost)  
  29  3:25  Warp Gate  
  31  3:39  Pylon  
  32  3:41  Probe  
  32  3:42  Phoenix (Chrono Boost)  
  32  3:46  Probe  
  35  3:53  Probe  
  35  3:54  Adept (Chrono Boost)  
  38  3:57  Probe  
  38  4:02  Phoenix (Chrono Boost)  
  41  4:11  Probe  
  41  4:13  Probe  
  43  4:19  Adept  
  45  4:25  Probe  
  45  4:26  Probe  
  47  4:32  Phoenix (Chrono Boost)  
  47  4:37  Probe  
  47  4:38  Probe  
  53  4:46  Phoenix (Chrono Boost)  
  53  4:49  Probe  
  53  4:50  Probe  
  55  4:57  Stalker  
  57  5:01  Probe  
  57  5:02  Probe  
  57  5:03  Phoenix (Chrono Boost)  
  57  5:06  Assimilator  
  61  5:09  Assimilator  
  61  5:16  Probe x2  
  63  5:22  Robotics Facility  
  63  5:27  Gateway  
  61  6:10  Stalker  
  63  6:13  Immortal  
  65  6:44  Gateway  
  65  6:45  Stalker  
  67  7:02  Robotics Bay  
  67  7:03  Probe (Chrono Boost)  
  67  7:07  Pylon  
  68  7:20  Gateway  
  62  7:22  Gateway  
  56  7:42  Stalker x2  
  52  7:56  Immortal  
  56  8:02  Mothership Core (Chrono Boost)  
  58  8:06  Pylon  
  58  8:08  Pylon  
  58  8:12  Stalker x2  
  58  8:13  Stalker  
  47  8:54  Stalker x2  
  47  8:55  Stalker  
  53  9:09  Pylon x2  
  53  9:23  Probe (Chrono Boost)  
  55  9:25  Probe (Chrono Boost)  
  55  9:30  Stalker x2  
  59  9:34  Probe (Chrono Boost)  
  59  9:35  Colossus  
  59  9:37  Probe (Chrono Boost)  
  57  10:07  Stalker x5  
  58  10:44  Probe (Chrono Boost)  
  58  10:46  Probe (Chrono Boost)  
  60  10:55  Probe (Chrono Boost)  
  62  10:57  Colossus  
  62  10:58  Probe (Chrono Boost)  
  62  11:00  Stalker x5  
  78  11:22  Nexus  
  78  11:25  Assimilator  
  78  11:27  Assimilator  
  78  11:31  Pylon  
  78  11:35  Pylon  
  78  11:51  Stalker x5  
  52  12:38  Zealot x5  
Tags
 
Add a new tag
Caveats
  • Supply blocks, unpowered buildings, or Contaminate may cause inaccurate times.
  • Supply counts are checked every 10 seconds.